 Dungeon Crawl Stone Soup version 0.20-a0-972-gb9bd3e6 (webtiles) character file.

162241 melya010386 the Warrior (level 17, 0/176 HPs)
             Began as a Hill Orc Fighter on Apr 8, 2017.
             Was the Champion of Okawaru.
             Splashed by a deep elf sorcerer's acid (13 damage)
             ... on level 3 of the Elven Halls.
             The game lasted 02:36:46 (27572 turns).

melya010386 the Warrior (Hill Orc Fighter)         Turns: 27572, Time: 02:36:46

Health: 0/176      AC: 37    Str: 36    XL:     17   Next: 80%
Magic:  29/42      EV: 24    Int:  8    God:    Okawaru [******]
Gold:   1404       SH: 24    Dex: 21    Spells: 19/24 levels left

rFire    + . .     SeeInvis .   U - +4 war axe "Vaptuori" {chop, rPois MR+ MP+9}
rCold    + + +     Gourm    .   P - +2 shield {AC+3}
rNeg     + . .     Faith    .   S - +13 chain mail "Wuleel" {rElec rC+ Regen+ Dex+2}
rPois    +         Spirit   .   y - +2 hat {MR+}
rElec    +         Reflect  +   L - +0 cloak
rCorr    .         Harm     .   p - +0 pair of gloves "Oraune" {rC+ Str+3}
MR       +++++                  g - +0 pair of boots
Stlth    +.........             Y - amulet "Zikost" {Reflect rN+ MP+9 Str+3 SH+4}
Regen    0.8/turn               H - ring "Zawyppuu" {rF+ MR+}
MPRegen  0.3/turn               K - ring of Lifuteys {rC+ MR+ Str+4 Dex+4}

@: agile, lethally poisoned (0 -> 0), heroism, finesse, corroded
A: talons 1, icy blue scales 1, blink, deterioration 1, robust 1, electricity
resistance
a: Blink, Heroism, Finesse, Renounce Religion


You were on level 3 of the Elven Halls.
You worshipped Okawaru.
Okawaru was exalted by your worship.
You were very hungry.

You visited 5 branches of the dungeon, and saw 27 of its levels.
You also visited: Labyrinth, Sewer, Ossuary and Bailey.

You collected 2911 gold pieces.
You spent 1507 gold pieces at shops.

Inventory:

Hand Weapons
 q - a +2 trident of flaming
 U - the +4 war axe "Vaptuori" (weapon) {chop, rPois MR+ MP+9}
   (Okawaru gifted it to you on level 1 of the Elven Halls)

   It inflicts extra damage upon your enemies.
   It protects you from poison.
   It affects your resistance to hostile enchantments.
   It affects your magic capacity (+9).
 W - a +5 hand axe of draining
Armour
 g - a +0 pair of boots (worn)
 p - the +0 pair of gloves "Oraune" (worn) {rC+ Str+3}
   (Okawaru gifted it to you on level 4 of the Lair of Beasts)

   It affects your strength (+3).
   It protects you from cold.
 y - a +2 hat of magic resistance (worn)
 L - a +0 cloak (worn)
 P - a +2 shield of protection (worn)
 S - the +13 chain mail "Wuleel" (worn) {rElec rC+ Regen+ Dex+2}
   (You found it on level 9 of the Dungeon)

   It affects your dexterity (+2).
   It protects you from cold.
   It insulates you from electricity.
   It increases your rate of regeneration.
Jewellery
 b - an uncursed ring of resist corrosion
 i - a +4 ring of evasion
 H - a ring "Zawyppuu" (left hand) {rF+ MR+}
   (You bought it in a shop on level 1 of the Elven Halls)

   [ring of protection from magic]

   It protects you from fire.
   It affects your resistance to hostile enchantments.
 K - the ring of Lifuteys (right hand) {rC+ MR+ Str+4 Dex+4}
   (You acquired it on level 7 of the Dungeon)

   [ring of protection from cold]

   It affects your strength (+4).
   It affects your dexterity (+4).
   It protects you from cold.
   It affects your resistance to hostile enchantments.
 Y - the amulet "Zikost" (around neck) {Reflect rN+ MP+9 Str+3 SH+4}
   (You found it in a labyrinth)

   [amulet of reflection]

   It shields you and reflects attacks.
   It affects your strength (+3).
   It protects you from negative energy.
   It affects your magic capacity (+9).
   It affects your SH (+4).
Wands
 a - a wand of lightning (5/15)
 G - a wand of flame (19/48)
 J - a wand of iceblast (15/15)
 O - a wand of iceblast (6/15)
 X - a wand of disintegration (13/24)
Scrolls
 e - 6 scrolls of teleportation
 n - a scroll of identify
 s - 3 scrolls of immolation
 x - 7 scrolls of recharging
 A - 5 scrolls of fog
 B - 3 scrolls of enchant armour
 F - a scroll of fear
 I - 4 scrolls of remove curse
 M - 4 scrolls of magic mapping
 N - a scroll of silence
 R - a scroll of brand weapon {unknown}
 V - a scroll of blinking
Potions
 c - a potion of invisibility
 d - 4 potions of agility
 k - 17 potions of curing
 l - 2 potions of magic
 o - 4 potions of flight
 r - 4 potions of cancellation
 t - 4 potions of heal wounds
 u - 2 potions of berserk rage
 v - 4 potions of haste
 z - 7 potions of brilliance
 C - 3 potions of mutation
 T - a potion of resistance
Miscellaneous
 h - a phial of floods
 w - a sack of spiders
 E - a lightning rod (3/4)
 Z - a box of beasts
Comestibles
 f - 14 bread rations
 j - 14 meat rations
 m - 11 royal jellies
 D - 13 fruits


   Skills:
 * Level 16.8(21.8) Fighting
 - Level 16.5(21.5) Axes
 * Level 15.9(20.9) Armour
 - Level 6.7(11.7) Dodging
 - Level 15.0(20.0) Shields
 - Level 4.0 Spellcasting
 + Level 4.7 Charms
 + Level 3.1 Necromancy
 - Level 9.4 Invocations
 + Level 6.8 Evocations


You had 19 spell levels left.
You knew the following spells:

 Your Spells              Type           Power        Failure   Level  Hunger
a - Regeneration          Chrm/Necr      #.........   45%         3    ###....
b - Song of Slaying       Chrm           #.......     17%         2    ###....


Dungeon Overview and Level Annotations

Branches:
Dungeon (15/15)            Temple (1/1) D:4            Lair (6/6) D:10
 Shoals (0/4) Lair:4       Spider (0/4) Lair:4        Slime (0/5) Lair:6
    Orc (2/2) D:11            Elf (3/3) Orc:2        Vaults (0/5) D:14
 Depths (0/5) D:15

Altars:
Ashenzari
Cheibriados
Dithmenos
Elyvilon
Fedhas
Gozag
Hepliaklqana
Kikubaaqudgha
Makhleb
Nemelex Xobeh
Okawaru
Qazlal
Ru
Sif Muna
Trog
Uskayaw
Vehumet
Wu Jian
Xom
Yredelemnul
Zin
The Shining One
Beogh

Shops:
D:9 *   D:10 :   D:13 (   Orc:2 **([   Elf:1 }==


Innate Abilities, Weirdness & Mutations

You have sharp toenails.
You are partially covered in icy blue scales. (AC +2)
You can translocate small distances at will.
Your body sometimes deteriorates upon taking damage.
You are robust. (+10% HP)
You are resistant to electric shocks. (rElec)


Message History

The deep elf annihilator gestures wildly while chanting.
The deep elf annihilator blinks!
You block the tormentor's attack. x2
Unknown command.
You slice the deep elf high priest!!
The deep elf high priest is severely wounded.
You slice the tormentor!!
You kill the tormentor!
You feel sick.
The crimson imp blinks!
Unknown command.
You slash the deep elf high priest!
You kill the deep elf high priest!
Okawaru accepts your kill.
The deep elf annihilator gestures wildly while chanting.
The deep elf annihilator blinks!
The deep elf sorcerer shouts, "You are history!"
The deep elf sorcerer points at you and mumbles some strange words.
The bolt of acid hits you!
* * * LOW HITPOINT WARNING * * *
The acid corrodes you!
You are splashed with acid!
The acid burns!
You die...

####### #.....# ###
##.....## ###.e
#.......# ....34
###...♣...#
.(...5#######()...(...#
...Eee))....#.##.....'##
..5e.e)@###...##.....#.#
..x3.e))(...#######'###.
.....5####### ###'####
...§⌠§ #.....## ###..
##.....## ### #.......#
##.......# #.........
##.......#


You could see a deep elf annihilator, a deep elf death mage, 2 deep elf
sorcerers, a deep elf demonologist, a deep elf high priest, a rust devil, a
water elemental, a smoke demon, a neqoxec, a quasit, a crimson imp, a shadow imp
and a crawling corpse.

Vanquished Creatures
  A deep elf blademaster (Elf:3)
  A deep elf master archer (Elf:3)
  Gastronok (Lair:1)
  Kirke (Elf:1)
  A deep elf sorcerer (Elf:3)
  A deep elf elementalist (Elf:3)
  2 deep elf demonologists
  2 deep elf annihilators (Elf:3)
  2 deep elf death magi
  A minotaur (Lab)
  A fire dragon (Lair:6)
  2 deep elf high priests
  Harold (Lair:3)
  Josephine (Orc:1)
  7 hydras
  A catoblepas (D:14)
  3 centaur warriors
  10 two-headed ogres
  23 dancing weapons
  An ogre mage (D:15)
  The ghost of MirrMurr the Spear-Bearer, a novice DsBe of Trog (D:8)
  A tengu warrior (D:15)
  3 death yaks
  7 skeletal warriors
  20 deep elf knights
  7 unseen horrors
  A wolf spider zombie (D:15)
  9 deep elf archers
  The ghost of Murumi the Unseen, a novice NaAs of Cheibriados (D:6)
  A necromancer (Lair:3)
  A lindwurm (Lair:6)
  2 orc knights
  52 deep elf magi
  8 orc sorcerers
  An oklob plant (Lair:1)
  2 cyclopes
  3 manticores
  6 ugly things
  5 black mambas
  5 molten gargoyles
  3 naga magi (D:15)
  8 elephants
  3 gargoyles
  4 spiny frogs
  A torpor snail (Lair:2)
  2 rime drakes
  14 komodo dragons
  A kobold demonologist (D:14)
  3 trolls
  A queen bee (Lair:4)
  6 meliai
  9 blink frogs (Lair:2)
  A polar bear (Lair:6)
  A harpy skeleton (D:15)
  Grinder (D:6)
  9 hippogriffs
  7 dream sheep (Lair:4)
  A raiju (shapeshifter) (Elf:1)
  3 slime creatures (Lair:6)
  6 water elementals
  An air elemental (Elf:1)
  14 wyverns
  4 wraiths (Orc:1)
  9 basilisks
  53 yaks
  4 hogs (Elf:1)
  A golden eye (shapeshifter) (D:14)
  2 fire elementals
  A hungry ghost (D:11)
  13 humans (D:14)
  3 vampire mosquitoes (D:12)
  2 steam dragons (Lair:6)
  12 wargs
  17 water moccasins
  10 porcupines
  5 hell hounds (Lair:6)
  Purgy (Sewer)
  6 ice beasts
  An eye of draining (D:13)
  15 orc warriors
  3 sky beasts
  2 phantoms
  2 elephant zombies (Lair:3)
  5 necrophages (D:8)
  10 ogres
  A black bear (Lair:6)
  4 boggarts (Lair:6)
  7 wolves
  13 centaurs
  12 crocodiles
  3 big kobolds
  16 bullfrogs
  A wyvern zombie (D:14)
  4 earth elementals
  2 scorpions
  A wyvern skeleton (D:14)
  41 killer bees
  7 wights
  4 howler monkeys
  3 spriggan skeletons (D:11)
  9 electric eels
  4 crimson imps
  10 lava snakes
  A basilisk zombie (Lair:3)
  5 bullfrog zombies
  3 bullfrog skeletons
  7 jellies
  9 orc priests
  5 centaur skeletons
  7 hounds
  Natasha (thrice) (D:2)
  5 iguanas
  A hell rat (Lair:4)
  12 worker ants
  34 orc wizards
  2 crocodile zombies (Lair:3)
  A hound zombie (D:7)
  2 hound skeletons
  A worker ant zombie (D:8)
  8 mummies (Ossuary)
  16 gnolls
  A howler monkey skeleton (D:10)
  13 adders
  4 shadow imps
  3 white imps (D:10)
  2 ufetubi (D:8)
  3 oozes
  An adder skeleton (D:8)
  5 worms
  2 dart slugs (D:1)
  An adder simulacrum (D:10)
  4 leopard geckos
  97 orcs
  12 bats
  8 giant cockroaches
  12 goblins
  13 hobgoblins
  20 jackals
  6 quokkas
  6 ball pythons
  3 frilled lizards
  2 hobgoblin zombies (Ossuary)
  24 kobolds
  3 kobold zombies (Ossuary)
  2 leopard gecko zombies
  3 orc zombies (Ossuary)
  3 quokka zombies
  10 rats
  5 bushes
  A crawling corpse (Elf:3)
  13 fungi
  7 plants
1032 creatures vanquished.

Vanquished Creatures (others)
  2 deep elf knights (Elf:1)
  3 deep elf archers
  A deep elf mage (Elf:1)
  A cyclops (D:13)
  A wyvern (D:14)
  4 centaurs
  An orc wizard (Orc:2)
  3 orcs
  15 kobolds
  2 fungi
  8 plants
41 creatures vanquished.

Grand Total: 1073 creatures vanquished

Notes
Turn   | Place    | Note
-------+----------+-------------------------------------------
     0 | D:1      | melya010386 the Hill Orc Fighter began the quest for the Orb.
     0 | D:1      | Reached XP level 1. HP: 19/19 MP: 1/1
   108 | D:1      | Reached XP level 2. HP: 24/26 MP: 2/2
   192 | D:1      | Reached XP level 3. HP: 31/31 MP: 3/3
   980 | D:2      | Noticed Natasha
   988 | D:2      | Killed Natasha
   988 | D:2      | Reached skill level 5 in Axes
   988 | D:2      | Reached XP level 4. HP: 9/40 MP: 4/4
   994 | D:2      | Noticed Natasha
   997 | D:2      | Killed Natasha
  1309 | D:2      | Reached XP level 5. HP: 45/46 MP: 5/5
  1371 | D:2      | Noticed Natasha
  1375 | D:2      | Killed Natasha
  1975 | D:3      | Found a glowing drain.
  1990 | Sewer    | Entered a sewer
  2178 | Sewer    | Noticed Purgy
  2186 | Sewer    | Killed Purgy
  2186 | Sewer    | Reached XP level 6. HP: 50/53 MP: 6/6
  2435 | D:3      | Found a glowing golden altar of the Shining One.
  2610 | D:4      | Noticed a fire elemental
  2643 | D:4      | Found a sand-covered staircase.
  2659 | Ossuary  | Entered an ossuary
  2686 | Ossuary  | Reached skill level 5 in Fighting
  2869 | Ossuary  | Reached XP level 7. HP: 61/61 MP: 7/7
  2905 | Ossuary  | Reached skill level 1 in Dodging
  3091 | D:4      | Found a white marble altar of Elyvilon.
  3129 | D:4      | Reached skill level 5 in Armour
  3201 | D:4      | Found a staircase to the Ecumenical Temple.
  3205 | Temple   | Entered the Ecumenical Temple
  3313 | Temple   | Became a worshipper of Warmaster Okawaru
  3398 | D:4      | Found a basalt altar of Yredelemnul.
  3445 | D:4      | Noticed an air elemental
  3447 | D:4      | Found a stormy altar of Qazlal.
  3448 | D:4      | Noticed a water elemental
  3771 | D:4      | Found a snail-covered altar of Cheibriados.
  3788 | D:4      | Reached skill level 1 in Invocations
  4060 | D:5      | Entered Level 5 of the Dungeon
  4098 | D:5      | Reached skill level 5 in Shields
  4670 | D:5      | Reached * piety under Okawaru
  4676 | D:5      | Reached XP level 8. HP: 52/70 MP: 9/9
  5059 | D:6      | Noticed Murumi's ghost (novice NaAs)
  5124 | D:6      | Killed Murumi's ghost
  5309 | D:6      | Learned a level 3 spell: Regeneration
  5312 | D:6      | Learned a level 2 spell: Song of Slaying
  5371 | D:6      | Found a shadowy altar of Dithmenos.
  5465 | D:6      | Reached ** piety under Okawaru
  5670 | D:6      | Noticed Grinder
  5676 | D:6      | Killed Grinder
  5676 | D:6      | Reached XP level 9. HP: 63/78 MP: 11/11
  5989 | D:7      | Identified a scroll of acquirement
  5990 | D:7      | Got a vibrating granite ring
  6005 | D:7      | Found an ancient bone altar of Kikubaaqudgha.
  6063 | D:7      | Found a shimmering altar of Xom.
  6219 | D:7      | Identified the ring of Lifuteys {rC+ MR+ Str+4 Dex+4} (You acquired it on level 7 of the Dungeon)
  6335 | D:7      | Found a shattered altar of Ashenzari.
  6335 | D:7      | Found a sacrificial altar of Ru.
  6537 | D:7      | Found a flagged portal.
  6543 | Bailey   | Entered a bailey
  6589 | Bailey   | Reached skill level 1 in Charms
  6628 | Bailey   | Reached *** piety under Okawaru
  6630 | Bailey   | Reached skill level 1 in Necromancy
  6649 | Bailey   | Reached skill level 1 in Spellcasting
  7136 | D:7      | Found a deep blue altar of Sif Muna.
  7337 | D:8      | Found a radiant altar of Vehumet.
  7347 | D:8      | Found a bloodstained altar of Trog.
  7580 | D:8      | Noticed MirrMurr's ghost (novice DsBe)
  7601 | D:8      | Killed MirrMurr's ghost
  7601 | D:8      | Reached **** piety under Okawaru
  7601 | D:8      | Reached skill level 10 in Axes
  7601 | D:8      | Reached XP level 10. HP: 57/89 MP: 13/13
  7603 | D:8      | Found a sparkling altar of Nemelex Xobeh.
  7947 | D:8      | Found a blossoming altar of Fedhas.
  8060 | D:8      | Gained mutation: You occasionally shout uncontrollably at your foes. [mutagenic meat]
  8061 | D:8      | Gained mutation: Your spells are a little harder to cast, but a little more powerful. [mutagenic meat]
  8062 | D:8      | Gained mutation: Your body sometimes deteriorates upon taking damage. [mutagenic meat]
  8288 | D:8      | Reached ***** piety under Okawaru
  8336 | D:9      | Noticed a two-headed ogre
  8346 | D:9      | Killed a two-headed ogre
  8556 | D:9      | Got a shimmering chain mail
  8567 | D:9      | Identified the +13 chain mail "Wuleel" {rElec rC+ Regen+ Dex+2} (You found it on level 9 of the Dungeon)
  8615 | D:9      | Found Plog's General Store.
  8629 | D:9      | Bought a scroll of identify for 30 gold pieces
  8629 | D:9      | Bought a scroll of identify for 30 gold pieces
  9116 | D:10     | Entered Level 10 of the Dungeon
  9157 | D:10     | Found a sacrificial altar of Ru.
  9260 | D:10     | Noticed a red ugly thing
  9282 | D:10     | Killed a red ugly thing
  9282 | D:10     | Reached XP level 11. HP: 76/97 MP: 14/14
  9366 | D:10     | Found a staircase to the Lair.
  9408 | D:10     | Found Waufoebb's Book Emporium.
  9522 | D:10     | Noticed a two-headed ogre
  9528 | D:10     | Killed a two-headed ogre
  9528 | D:10     | Received a gift from Okawaru
  9547 | D:10     | Got a heavily runed plate armour {god gift}
  9558 | D:10     | Identified the +1 plate armour "Guetuafo" {-Tele rElec rPois} (Okawaru gifted it to you on level 10 of the Dungeon)
  9639 | D:10     | Noticed a deep elf mage
  9666 | D:10     | Killed a deep elf mage
 10178 | D:10     | Reached ****** piety under Okawaru
 10207 | D:11     | Noticed a manticore
 10214 | D:11     | Killed a manticore
 10265 | D:11     | Reached skill level 10 in Fighting
 10320 | D:11     | Killed an unseen horror
 10320 | D:11     | Reached skill level 10 in Armour
 10395 | D:11     | Killed an unseen horror
 10439 | D:11     | Reached XP level 12. HP: 89/106 MP: 15/15
 10545 | D:11     | Reached skill level 10 in Shields
 10750 | D:11     | Lost mutation: Your spells are a little harder to cast, but a little more powerful. [mutagenic meat]
 10751 | D:11     | Gained mutation: You can translocate small distances at will. [mutagenic meat]
 10752 | D:11     | Gained mutation: Armour fits poorly on your strangely shaped body. [mutagenic meat]
 10799 | D:11     | Found a staircase to the Orcish Mines.
 10852 | D:11     | Noticed a two-headed ogre
 10866 | D:11     | Reached skill level 5 in Invocations
 10871 | D:11     | Killed a two-headed ogre
 10926 | D:11     | Noticed a two-headed ogre
 10940 | D:11     | Killed a two-headed ogre
 10990 | D:12     | Found a burning altar of Makhleb.
 11133 | D:12     | Received a gift from Okawaru
 11495 | D:12     | Noticed a two-headed ogre
 11525 | D:12     | Killed a two-headed ogre
 11748 | D:12     | Gained mutation: You are resistant to electric shocks. (rElec) [mutagenic meat]
 11749 | D:12     | Gained mutation: You are partially covered in icy blue scales. (AC +2) [mutagenic meat]
 12389 | D:13     | Found Vugapt's Weapon Shop.
 12629 | D:13     | Reached XP level 13. HP: 109/116 MP: 17/17
 12648 | D:13     | Received a gift from Okawaru
 12698 | D:13     | Found a snail-covered altar of Cheibriados.
 12856 | D:13     | Received a gift from Okawaru
 13220 | D:14     | Reached skill level 15 in Axes
 13425 | D:14     | Found a labyrinth entrance.
 13531 | Lab      | Entered a labyrinth
 16105 | Lab      | Noticed a minotaur
 16125 | Lab      | Killed a minotaur
 16128 | Lab      | Got a steaming rapier {pierce}
 16130 | Lab      | Got a slimy ruby amulet
 16143 | Lab      | Identified the +9 rapier "Piageig" {pierce, -Tele rC+ rN++} (You took it off a minotaur in a labyrinth)
 16159 | D:14     | Received a gift from Okawaru
 16159 | D:14     | Reached skill level 5 in Dodging
 16179 | D:14     | Got a heavily runed chain mail {god gift}
 16190 | D:14     | Identified the +1 chain mail of Repulsion {rN+ rCorr Stlth+} (Okawaru gifted it to you on level 14 of the Dungeon)
 16316 | D:14     | Noticed a great orb of eyes
 16325 | D:14     | a great orb of eyes changed into a golden eye
 16356 | D:14     | Got an ichor-stained rapier {antimagic}
 16357 | D:14     | Identified the +5 rapier of Plague {antimagic, Int+2 Stlth+} (You took it off a human on level 14 of the Dungeon)
 16394 | D:14     | Found a gate to the Vaults.
 16687 | D:15     | Entered Level 15 of the Dungeon
 16746 | D:15     | Reached XP level 14. HP: 79/126 MP: 18/18
 16758 | D:15     | Identified the amulet "Zikost" {Reflect rN+ MP+9 Str+3 SH+4} (You found it in a labyrinth)
 17561 | D:15     | Found a staircase to the Depths.
 17806 | Lair:1   | Entered Level 1 of the Lair of Beasts
 18179 | Lair:1   | Noticed Gastronok
 18210 | Lair:1   | Killed Gastronok
 18210 | Lair:1   | Reached skill level 1 in Evocations
 18230 | Lair:1   | Received a gift from Okawaru
 19269 | Lair:3   | Lost mutation: Armour fits poorly on your strangely shaped body. [potion of mutation]
 19269 | Lair:3   | Lost mutation: You occasionally shout uncontrollably at your foes. [potion of mutation]
 19269 | Lair:3   | Gained mutation: You have sharp toenails. [potion of mutation]
 19269 | Lair:3   | Gained mutation: You are robust. (+10% HP) [potion of mutation]
 19638 | Lair:3   | Noticed Harold
 19669 | Lair:3   | Killed Harold
 19669 | Lair:3   | Reached XP level 15. HP: 149/149 MP: 20/20
 20183 | Lair:4   | Found a staircase to the Shoals.
 20444 | Lair:4   | Received a gift from Okawaru
 20540 | Lair:4   | Got a pair of shimmering gloves {god gift}
 20551 | Lair:4   | Identified the +0 pair of gloves "Oraune" {rC+ Str+3} (Okawaru gifted it to you on level 4 of the Lair of Beasts)
 20634 | Lair:4   | Upgraded the game from 0.20-a0-970-gcd8f41e to 0.20-a0-972-gb9bd3e6
 20956 | Lair:4   | Found a hole to the Spider Nest.
 22337 | Lair:6   | Entered Level 6 of the Lair of Beasts
 22505 | Lair:6   | Reached skill level 15 in Shields
 22663 | Lair:6   | Found a large runed door.
 22664 | Lair:6   | Found a large runed door.
 23001 | Lair:6   | Found a staircase to the Slime Pits.
 23448 | Lair:6   | Reached XP level 16. HP: 157/161 MP: 22/22
 23720 | Orc:1    | Entered Level 1 of the Orcish Mines
 23754 | Orc:1    | Noticed Josephine
 23782 | Orc:1    | Killed Josephine
 24092 | Orc:2    | Entered Level 2 of the Orcish Mines
 24207 | Orc:2    | Found a roughly hewn altar of Beogh.
 24241 | Orc:2    | Received a gift from Okawaru
 24381 | Orc:2    | Found a staircase to the Elven Halls.
 24496 | Orc:2    | Found a roughly hewn altar of Beogh.
 24635 | Orc:2    | Found Dise Sas's Assorted Antiques.
 24635 | Orc:2    | Found Kudoo's General Store.
 24646 | Orc:2    | Reached skill level 15 in Fighting
 24662 | Orc:2    | Bought a scroll of identify for 24 gold pieces
 24662 | Orc:2    | Bought a scroll of enchant weapon for 90 gold pieces
 24662 | Orc:2    | Bought a scroll of identify for 24 gold pieces
 24662 | Orc:2    | Bought a scroll of silence for 90 gold pieces
 24662 | Orc:2    | Bought a scroll of teleportation for 36 gold pieces
 24678 | Orc:2    | Bought a potion of curing for 93 gold pieces
 24678 | Orc:2    | Bought a potion of haste for 310 gold pieces
 24821 | Orc:2    | Found Giklab's Weapon Boutique.
 24844 | Orc:2    | Found Idoluerre's Armour Emporium.
 24981 | Elf:1    | Entered Level 1 of the Elven Halls
 25155 | Elf:1    | Noticed a Hell Sentinel
 25215 | Elf:1    | Received a gift from Okawaru
 25284 | Elf:1    | Got a warped war axe {god gift}
 25285 | Elf:1    | Identified the +4 war axe "Vaptuori" {chop, rPois MR+ MP+9} (Okawaru gifted it to you on level 1 of the Elven Halls)
 25360 | Elf:1    | Found Gaamu's Jewellery Shoppe.
 25366 | Elf:1    | Found Duti's Gadget Boutique.
 25367 | Elf:1    | Found Caibrash's Jewellery Shoppe.
 25465 | Elf:1    | Bought a ring "Zawyppuu" {rF+ MR+} for 780 gold pieces
 25869 | Elf:1    | Noticed Kirke
 25881 | Elf:1    | Killed Kirke
 25881 | Elf:1    | Reached skill level 5 in Evocations
 26053 | Elf:1    | Received a gift from Okawaru
 26288 | Elf:1    | Reached skill level 15 in Armour
 26313 | Elf:1    | Got an ancient plate armour
 26324 | Elf:1    | Identified the +10 plate armour "Xodgheom" {rC+ Regen+ Slay-2 SInv} (You found it on level 1 of the Elven Halls)
 26389 | Elf:2    | Reached XP level 17. HP: 173/173 MP: 24/24
 26492 | Elf:2    | Found a runed gate.
 26492 | Elf:2    | Found a runed gate.
 26492 | Elf:2    | Found a runed gate.
 26555 | Elf:2    | Received a gift from Okawaru
 26563 | Elf:2    | Got a shimmering plate armour {god gift}
 26574 | Elf:2    | Identified the +1 plate armour of the Immovable Ghosts {MP+9 Str+4} (Okawaru gifted it to you on level 2 of the Elven Halls)
 27225 | Elf:3    | Entered Level 3 of the Elven Halls
 27534 | Elf:3    | Noticed a deep elf master archer
 27535 | Elf:3    | Noticed a deep elf blademaster
 27546 | Elf:3    | Killed a deep elf master archer
 27560 | Elf:3    | Noticed an Ice Fiend
 27560 | Elf:3    | Killed a deep elf blademaster
 27562 | Elf:3    | Noticed a Brimstone Fiend
 27572 | Elf:3    | Splashed by a deep elf sorcerer's acid

Vault maps used:
D:1:      minmay_arrival_jagged, minmay_cut_off
D:2:      wad_woods_tower, uniq_natasha
D:3:      nicolae_overflow_hidden_temple, first_bread, portal_sewer_entry_e
D:4:      kennysheep_ying_yang, nicolae_qazlal_style_of_elements,
          lemuel_doored_altar, minmay_temple_entry_glassed_door, enter_ossuary_4
D:5:      guppyfry_early_orc_mine
D:6:      lemuel_round_altar, hangedman_decor_slide_cut, uniq_grinder
D:7:      kennysheep_mini, lemuel_round_altar, gammafunk_temple_overflow_pools,
          enter_bailey_3, basic_altar
D:8:      nemelex_xobeh_ov_fountains_minmay, amethyst_overflow_temple_binary,
          serial_ice, serial_ice_b, serial_ice_e, serial_ice_h, serial_ice_k,
          grunt_ogre_cave, fedhas_altar_decomposition
D:9:      serial_shops, shop
D:10:     kennysheep_windowed_halls, david_lair_shrubbed, serial_ice,
          serial_ice_h, serial_ice_b, serial_ice_m, serial_ice_d, serial_shops,
          nicolae_shop_crystal, nicolae_ru_sacrificial_ziggurat
D:11:     orc_0_dummy, hangedman_tell_no_tales
D:12:     serial_bayou, serial_bayou_pond_a, serial_bayou_lagoon_a,
          serial_bayou_pond_d, serial_bayou_pond_b, serial_bayou_shore_a,
          bloody_makhleb
D:13:     serial_shops, nicolae_shop_waterfront, basic_altar
D:14:     david_vaults_3, lab_entry_generic, minivault_11
D:15:     grunt_enter_depths_magical_seal, roderic_aztec_sauvastika,
          serial_aquarium, aquarium_bridge_square, aquarium_bridge_square,
          aquarium_window_1, aquarium_window_1, aquarium_view_2b,
          aquarium_view_2d, aquarium_pool_side
Temple:   nicolae_temple_figure_zero
Lair:1:   nicolae_quartered_pool_super, minmay_lair_oklob_bushes, uniq_gastronok
Lair:3:   pond_and_an_island_with_a_cottage, uniq_harold
Lair:4:   regret_index_tunnel_blossom, minmay_shoals_entry_beasts,
          dummy_spider_entry, nicolae_lair_grove_arrangements
Lair:5:   cheibrodos_magma_flow, grunt_forest_stairs_basic, beast_lair_carwin_6
Lair:6:   cheibrodos_lair_end_hotspot, minmay_slime_entry_pillars,
          kilobyte_rumbling_trees
Orc:1:    uniq_josephine
Orc:2:    st_orc_town, basic_altar
Elf:1:    eino_elf_arrival_the_gate, kennysheep_underground_church,
          grunt_megastairs_4, minmay_shop_grove, uniq_kirke
Elf:3:    grunt_elf_hall_branching
Lab:      nicolae_lab_arrow
Sewer:    sewer_the_crocodile
Ossuary:  ossuary_tomb_3
Bailey:   bailey_axe_1, bailey

Skill      XL: |  1  2  3  4  5  6  7  8  9 10 11 12 13 14 15 16 17 |
---------------+----------------------------------------------------+-----
Axes           | 3 4 5 6 8 10 12 13 14 15 16 | 16.5
Fighting       | 4 5 6 8 9 10 11 12 13 14 15 16 | 16.8
Shields        | 4 5 6 7 8 9 11 12 13 15 | 15.0
Armour         | 4 5 6 7 8 10 11 12 14 15 | 15.9
Dodging        | 1 2 3 4 5 6 |  6.7
Invocations    | 2 3 4 6 7 8 9 |  9.4
Charms         | 1 2 4 |  4.7
Necromancy     | 1 3 |  3.1
Spellcasting   | 1 3 4 |  4.0
Evocations     | 2 3 5 6 |  6.8

Action                   |  1- 3 |  4- 6 |  7- 9 | 10-12 | 13-15 | 16-18 || total
-------------------------+-------+-------+-------+-------+-------+-------++-------
Melee: War axe           |   108 |   183 |   540 |   631 |     6 |   262 ||  1730
       Hand axe          |       |       |       |   271 |  1654 |   620 ||  2545
       Trident           |       |       |       |       |   135 |       ||   135
       Rapier            |       |       |       |       |    10 |       ||    10
Throw: Javelin           |     2 |       |     2 |       |       |       ||     4
Invok: Heroism           |       |       |     2 |       |     5 |     2 ||     9
       Finesse           |       |       |       |       |     6 |     2 ||     8
Evoke: Lightning rod     |       |       |       |     1 |       |       ||     1
       Wand              |       |       |       |       |     3 |       ||     3
       Box of beasts     |       |       |       |       |       |     1 ||     1
       Phial of floods   |       |       |       |       |       |     1 ||     1
  Use: Scroll            |     3 |     7 |     8 |     6 |    20 |     4 ||    48
       Potion            |     1 |       |     1 |       |     3 |     4 ||     9
  Eat: Chunk             |       |     7 |    16 |    27 |    28 |     8 ||    86
       Fruit             |       |       |       |       |     5 |     1 ||     6
       Bread ration      |       |       |       |       |     1 |     1 ||     2
Armor: Scale mail        |    27 |    56 |     5 |       |       |       ||    88
       Chain mail        |       |       |    99 |   233 |   490 |   214 ||  1036
Dodge: Dodged            |    26 |    44 |   146 |   213 |   439 |   140 ||  1008
Block: Shield            |    91 |   168 |   502 |   780 |  1345 |   574 ||  3460
       Reflection        |     1 |     3 |    58 |    45 |    55 |    45 ||   207
